 Dungeon Crawl Stone Soup version 0.19-a0-1670-gc28a5d9 (webtiles) character file.

247 LORDOFBUTT the Cudgeler (level 5, 47/47 HPs)
             Began as a Draconian Berserker on Sept 22, 2016.
             Was a Believer of Trog.
             Quit the game on level 2 of the Dungeon on Oct 17, 2016.
             The game lasted 00:02:11 (1326 turns).

LORDOFBUTT the Cudgeler (Draconian Berserker)       Turns: 1326, Time: 00:02:12

Health: 47/47      AC:  5    Str: 19    XL:     5   Next: 85%
Magic:  5/5        EV: 13    Int:  7    God:    Trog [**....]
Gold:   95         SH:  0    Dex: 12    Spells: 0 memorised, 4 levels left

rFire  . . .     SeeInvis .     a - +0 mace
rCold  . . .     Gourm    .     (armour unavailable)
rNeg   . . .     Faith    .     (no shield)
rPois  .         Spirit   .     (helmet restricted)
rElec  .         Dismiss  .     (no cloak)
rCorr  .         Reflect  .     (no gloves)
MR     .....     Harm     .     (no boots)
Stlth  +.........               (no amulet)
                                (no ring)
                                (no ring)

@: no status effects
A: unfitting armour, cold-blooded, AC +5
a: Berserk, Trog's Hand, Burn Spellbooks, Renounce Religion


You were on level 2 of the Dungeon.
You worshipped Trog.
Trog was pleased with you.
You were not hungry.

You visited 1 branch of the dungeon, and saw 2 of its levels.

You collected 95 gold pieces.

Inventory:

Hand Weapons
 a - a +0 mace (weapon)
Scrolls
 d - a scroll of identify {unknown}
 g - a scroll of recharging {unknown}
 h - 2 scrolls of blinking {unknown}
 j - 2 scrolls of remove curse {unknown}
Potions
 b - a potion of haste {unknown}
 c - a potion of might {unknown}
 e - a potion of brilliance {unknown}
 f - a potion of lignification {unknown}
 i - a potion of agility {unknown}
 k - a potion of magic {unknown}


   Skills:
 + Level 4.6 Fighting
 + Level 4.8 Maces & Flails
 + Level 4.0 Dodging
 + Level 0.4 Stealth


You had 4 spell levels left.
You didn't know any spells.

Dungeon Overview and Level Annotations

Branches:
Dungeon (2/15)

Altars:
Okawaru


Innate Abilities, Weirdness & Mutations

Your plain brown scales are hard. (AC +5)
Your body does not fit into most forms of armour.
You are cold-blooded and may be slowed by cold attacks.


Message History

A quokka is nearby!
The goblin shouts!
A quokka is nearby!
The quokka misses you.
A quokka is nearby!
You sock the quokka!
You kill the quokka!
Trog accepts your kill.
Done exploring.
No target in view!
Done exploring.
No target in view!
Done exploring.
No target in view!
Done exploring.
No target in view!
Welcome back, LORDOFBUTT the Draconian Berserker.
Trog says: Kill them all!
Press ? for a list of commands and other information.
Are you sure you want to abandon this character and quit the game? (Confirm with "yes".)

#######.......).#.#<....#.#..#
#.>..##......<..#.####........
#.##............#..........#.#
#.##..##....#...#####.#.#..#.#
#######.....#......##.....##.#
#...≈g≈............##.#.#.##.#
#.8.≈≈≈............+......##.#
#8_8..........†#...#.#.#.....#
#.8.≈≈≈......@.#...#.#.##.####
#...≈g≈........#...#.#.......#
#########.#.#.######.####.##.#
#.##..........÷#.....####.##..
#.##.####.#...÷...............
#.........#......#########'###
####.######.###### #.......
#.# #.# #....... #.# ####'###
#.......


There were no monsters in sight!

Vanquished Creatures
  Sigmund (D:2)
  4 adders (D:2)
  2 oozes
  2 dart slugs
  A leopard gecko (D:2)
  A ball python (D:2)
  9 giant cockroaches
  4 goblins (D:1)
  4 hobgoblins
  3 jackals (D:1)
  5 kobolds
  A quokka (D:2)
  9 bats
  A frilled lizard (D:1)
  3 rats
50 creatures vanquished.

Notes
Turn   | Place    | Note
-------+----------+-------------------------------------------
     0 | D:1      | LORDOFBUTT the Draconian Berserker began the quest for the Orb.
     0 | D:1      | Reached XP level 1. HP: 19/19 MP: 1/1
    85 | D:1      | Reached XP level 2. HP: 18/26 MP: 2/2
   370 | D:1      | Reached XP level 3. HP: 31/31 MP: 3/3
   599 | D:2      | Reached ** piety under Trog
   719 | D:2      | Noticed Sigmund
   734 | D:2      | Killed Sigmund
   734 | D:2      | Reached XP level 4. HP: 31/41 MP: 4/4
   734 | D:2      | Reached XP level 5. HP: 35/47 MP: 5/5
  1104 | D:2      | Found an iron altar of Okawaru.
  1326 | D:2      | Quit the game

Vault maps used:
D:1:      dpeg_arrival_round_c, kennysheep_pointless_box, minmay_statues_item,
          minmay_misc_feat_iff, minmay_close_crescents
D:2:      kennysheep_okawaru_gauntlet, serial_glass, glass_columns_a,
          glass_columns_a, uniq_sigmund

Skill      XL: |  1  2  3  4  5 |
---------------+----------------+-----
Dodging        | 3 4 |  4.0
Fighting       | 4 |  4.6
Maces & Flails | 4 |  4.8
Stealth        | |  0.4

Action                   |  1- 3 |  4- 6 || total
-------------------------+-------+-------++-------
Melee: Mace              |   108 |    21 ||   129
       Tailslap          |    17 |     3 ||    20
Invok: Berserk           |     3 |     1 ||     4
 Stab: Sleeping          |       |     1 ||     1
  Eat: Bread ration      |     1 |       ||     1
       Royal jelly       |       |     1 ||     1
Armor: Skin              |    39 |     4 ||    43
Dodge: Dodged            |   116 |    14 ||   130
